Map: King Sejong Station LE

Players

Headkick

  • Race: Zerg Zerg
  • League: Gold

SPARKEATER - Winner!

  • Race: Terran Terran
  • League: Gold

VOD

Have the link to the VOD?

Description

Time

  • Played on: July 12, 2016, 9:31 p.m.
  • Length: 8:18
Show
View Real Time Build Order
Export as new Build Order

Headkick Zerg 

Build Orders: Pool First 

Get SALT Encoding   

  12  0:18  Spawning Pool  
  11  0:22  Drone  
  11  0:27  Drone  
  13  0:32  Drone  
  14  0:43  Overlord  
  14  0:48  Extractor  
  13  1:06  Queen  
  13  1:08  Zergling x2  
  13  1:09  Zergling x4  
  18  1:19  Drone  
  19  1:35  Drone  
  20  1:45  Drone  
  21  1:56  Drone  
  21  1:58  Hatchery  
  21  2:17  Drone  
  22  2:29  Overlord x2  
  22  2:52  Drone  
  22  2:53  Drone x2  
  22  2:58  Lair  
  25  3:02  Drone x2, Baneling Nest  
  25  3:03  Drone  
  27  3:08  Metabolic Boost  
  27  3:12  Drone  
  28  3:25  Queen  
  30  3:31  Drone  
  30  3:32  Drone x2  
  33  3:38  Drone x2  
  33  3:39  Extractor  
  34  3:48  Drone x2  
  35  3:49  Drone  
  35  3:50  Drone  
  38  4:16  Zergling x8  
  38  4:17  Zergling x2  
  43  4:24  Hydralisk Den  
  42  4:31  Evolution Chamber  
  42  4:32  Evolution Chamber  
  42  4:33  Drone, Evolution Chamber  
  42  4:37  Drone x5  
  41  4:45  Zergling x2  
  38  4:48  Zergling x2  
  38  4:49  Zergling x6  
  37  4:55  Zergling x2  
  37  4:56  Zergling x2  
  2  5:21  Zergling x2  
  2  5:22  Zergling x12  
Show
View Real Time Build Order
Export as new Build Order

SPARKEATER Terran - Winner!

Build Orders: MMM Bio 

Get SALT Encoding   

  12  0:01  SCV  
  13  0:13  SCV  
  14  0:23  Supply Depot  
  14  0:25  SCV  
  15  0:39  Refinery  
  15  0:45  SCV  
  15  0:46  Barracks  
  16  0:57  SCV  
  17  1:09  SCV  
  18  1:20  Barracks  
  18  1:21  SCV  
  19  1:33  SCV, Barracks Tech Lab  
  20  1:46  Orbital Command  
  20  1:52  Marine  
  20  1:53  Stimpack  
  21  1:59  Supply Depot  
  21  2:10  Marine  
  22  2:16  Marine  
  23  2:23  SCV  
  23  2:28  Marine  
  25  2:30  Factory  
  25  2:34  Marine  
  25  2:35  SCV  
  27  2:46  Supply Depot, Marine  
  27  2:47  SCV  
  29  2:51  Marine  
  30  3:03  Marine  
  31  3:07  SCV  
  31  3:10  Supply Depot  
  32  3:16  Starport, Marine  
  35  3:20  Hellion  
  35  3:21  Marine  
  35  3:24  SCV  
  37  3:34  Marine  
  37  3:36  SCV  
  37  3:37  Supply Depot  
  37  3:39  Marine  
  42  3:41  Hellion  
  42  3:51  SCV  
  42  3:52  Marine  
  44  3:57  Marine  
  44  3:58  Medivac  
  44  4:00  Supply Depot  
  47  4:03  SCV  
  47  4:09  Marine  
  48  4:11  Hellion  
  48  4:15  Marine  
  52  4:27  Marine  
  53  4:32  Hellion, Marine  
  56  4:45  Marine  
  56  4:50  Marine  
  54  5:29  Marine  
  54  5:30  Marine  
  45  5:47  Marine x2  
  38  6:05  Marine x2  
  38  6:09  Command Center  
  38  6:10  Command Center  
  40  6:13  Barracks  
  40  6:15  SCV  
  40  6:17  Factory Reactor  
  39  6:23  Marine x2  
  40  6:26  Combat Shields  
  40  6:41  Marine x2  
  42  6:48  Barracks  
  40  6:57  Hellion  
  40  6:59  Medivac, Hellion, Marine, Marauder  
  40  7:00  Marine  
  50  7:07  Barracks  
  50  7:13  SCV  
  51  7:16  Marine  
  51  7:17  Refinery  
  51  7:18  Marine  
  51  7:20  Marine  
  51  7:21  Supply Depot  
  54  7:26  SCV  
  54  7:28  Engineering Bay, Hellion x2  
  59  7:34  Marine  
  59  7:36  Marine  
  61  7:38  Marine  
  62  7:52  Supply Depot, Marine  
  62  7:54  SCV, Marine  
  62  7:56  Marine  
  67  8:06  SCV  
Tags
 
Add a new tag
Caveats
  • Supply blocks, unpowered buildings, or Contaminate may cause inaccurate times.
  • Supply counts are checked every 10 seconds.